 Dungeon Crawl Stone Soup version 0.18-a0-1-gfac8111 (webtiles) character file.

636 tp1 the Firebug (level 7, -5/36 HPs)
             Began as a Deep Elf Wizard on Oct 30, 2015.
             Splashed by a jelly's acid (10 damage)
             ... on level 5 of the Dungeon.
             The game lasted 00:34:39 (5420 turns).

tp1 the Firebug (Deep Elf Wizard)                   Turns: 5420, Time: 00:34:39

Health: -5/36      AC:  0    Str:  4    XL:     7   Next: 25%
Magic:  1/18       EV: 12    Int: 25    God:
Gold:   212        SH:  0    Dex: 13    Spells: 6 memorised, 4 levels left

rFire  . . .     SeeInvis .     q - +0 short sword
rCold  . . .     Clarity  +     u - +2 robe {MR+}
rNeg   . . .     SustAt   .     (no shield)
rPois  .         Gourm    .     b - +0 hat
rElec  .         Spirit   .     (no cloak)
rCorr  .         Warding  .     (no gloves)
rMut   .         Stasis   .     (no boots)
MR     +....                    x - amulet of clarity
Stlth  ++........               (no ring)
                                (no ring)

@: corroded equipment, flying, somewhat resistant to hostile enchantments,
unstealthy
A: no striking features
a: no special abilities


You were on level 5 of the Dungeon.
You were not hungry.

You visited 1 branch of the dungeon, and saw 5 of its levels.
You also visited: Sewer.

You collected 212 gold pieces.

Inventory:

Hand Weapons
 m - a +0 dagger
 q - a +0 short sword (weapon)
Armour
 a - a +0 robe
 b - a +0 hat (worn)
 u - a +2 robe of magic resistance (worn)
Jewellery
 x - an amulet of clarity (around neck)
 B - an uncursed ring of wizardry {unknown}
Wands
 r - a wand of lightning (10)
Scrolls
 e - a scroll of amnesia {unknown}
 f - 6 scrolls of identify {unknown}
 n - 2 scrolls of immolation
 p - a scroll of remove curse
 w - a scroll of fog {unknown}
 y - a scroll of blinking {unknown}
 C - a scroll of enchant armour {unknown}
Potions
 g - a potion of magic {unknown}
 h - 2 potions of lignification
 i - a potion of brilliance {unknown}
 j - a potion of ambrosia {unknown}
 k - a potion of might
 l - a potion of curing
 v - 2 potions of flight
 A - a potion of berserk rage {unknown}
Books
 c - a book of Minor Magic

   Spells                             Type                      Level
   a - Magic Dart                     Conjuration                  1
   b - Blink                          Translocation                2
   c - Call Imp                       Summoning                    2
   d - Repel Missiles                 Charms/Air                   2
   e - Slow                           Hexes                        2
   f - Conjure Flame                  Conjuration/Fire             3
   g - Mephitic Cloud                 Conjuration/Poison/Air       3
 z - a book of Debilitation

   Spells                             Type                      Level
   a - Corona                         Hexes                        1
   b - Slow                           Hexes                        2
   c - Gell's Gravitas                Hexes/Translocation          3
   d - Inner Flame                    Hexes/Fire                   3
   e - Cause Fear                     Hexes                        4
   f - Leda's Liquefaction            Hexes/Earth                  4
Comestibles
 d - 4 bread rations
 o - 3 chunks of flesh
 t - 2 slices of pizza
 D - a meat ration


   Skills:
 - Level 2.4 Dodging
 - Level 2.4 Stealth
 - Level 6.0 Spellcasting
 - Level 2.1 Conjurations
 - Level 2.6 Hexes
 - Level 1.1 Summonings
 - Level 1.1 Translocations
 - Level 7.0 Fire Magic
 + Level 0.8 Air Magic


You had 4 spell levels left.
You knew the following spells:

 Your Spells              Type           Power        Failure   Level  Hunger
a - Magic Dart            Conj           ###.         3%          1    None
b - Conjure Flame         Conj/Fire      ####....     3%          3    None
c - Mephitic Cloud        Conj/Pois/Air  ##......     17%         3    None
d - Blink                 Tloc           N/A          10%         2    None
e - Call Imp              Summ           ##......     10%         2    None
f - Inner Flame           Hex/Fire       ####....     3%          3    None


Dungeon Overview and Level Annotations

Branches:
Dungeon (5/15)
 Temple: D:4-7

Altars:
Ru

Annotations:
D:4 kal9871's ghost, amateur HOAK
D:5 kae's ghost, amateur TeFE


Message History

The jelly is severely wounded.
The jelly hits you.
You are splashed with acid!
The acid burns!
You hit the jelly.
Your hands burn!
The jelly is severely wounded.
The jelly completely misses you.
You hit the jelly. The acid corrodes you!
Your hands burn!
The jelly is almost dead.
The jelly hits you.
* * * LOW HITPOINT WARNING * * *
You are splashed with acid!
The acid burns!
* * * LOW HITPOINT WARNING * * *
Drink which item? (? for menu, Esc to quit)
You feel better. The jelly barely misses you.
Drink which item? (? for menu, Esc to quit)
It was a potion of flight.
You feel very buoyant.
You fly up into the air.
The jelly hits you.
* * * LOW HITPOINT WARNING * * *
You are splashed with acid!
The acid burns!
You die...

#..#.# #..#.#
#(.#.# ..#...
#..#.# #.#...
#..#.#
#.....#######..#.#
#..............#.#
#......#######.#.#
#............J@#.#
.###....#######.#.#
..........).....#.#
........#########.#
.....#..#########.#
.... #............#
... #.############
.. #. # #.


You could see a jelly.

Vanquished Creatures
  Eustachio (D:4)
  A crocodile (Sewer)
  2 scorpions (D:5)
  A giant frog skeleton (D:4)
  A hound (D:4)
  A worker ant (D:4)
  2 orc wizards (D:4)
  2 worker ant zombies
  A gnoll (D:5)
  9 adders
  5 worms
  2 giant geckos
  2 orcs
  22 bats
  6 giant cockroaches
  4 goblins
  7 hobgoblins
  3 jackals (D:2)
  2 quokkas
  4 ball pythons
  A giant gecko skeleton (D:4)
  3 giant newts
  6 kobolds
  15 rats
103 creatures vanquished.

Notes
Turn   | Place    | Note
--------------------------------------------------------------
     0 | D:1      | tp1 the Deep Elf Wizard began the quest for the Orb.
     0 | D:1      | Reached XP level 1. HP: 10/10 MP: 7/7
   238 | D:1      | Reached skill level 5 in Spellcasting
   360 | D:1      | Reached XP level 2. HP: 15/15 MP: 7/10
  1387 | D:2      | Reached XP level 3. HP: 19/19 MP: 8/11
  1392 | D:2      | Learned a level 3 spell: Conjure Flame
  1396 | D:2      | Learned a level 3 spell: Mephitic Cloud
  1399 | D:2      | Learned a level 2 spell: Blink
  1402 | D:2      | Learned a level 2 spell: Call Imp
  1761 | D:2      | Reached skill level 6 in Spellcasting
  1969 | D:2      | Reached skill level 1 in Fire Magic
  2146 | D:2      | Reached XP level 4. HP: 21/24 MP: 10/14
  3050 | D:3      | Found a sacrificial altar of Ru.
  3494 | D:3      | Found a sacrificial altar of Ru.
  3918 | D:4      | Found a glowing drain.
  3922 | D:4      | Reached XP level 5. HP: 28/28 MP: 11/15
  3944 | Sewer    | Entered a sewer
  4123 | Sewer    | Learned a level 3 spell: Inner Flame
  4220 | D:4      | Noticed kal9871's ghost (amateur HOAK)
  4257 | D:5      | Entered Level 5 of the Dungeon
  4375 | D:5      | Reached skill level 5 in Fire Magic
  4390 | D:5      | Reached XP level 6. HP: 29/32 MP: 0/17
  4493 | D:5      | Noticed a centaur
  4797 | D:4      | Noticed Eustachio
  4849 | D:4      | Killed Eustachio
  4853 | D:4      | Reached XP level 7. HP: 16/36 MP: 5/18
  5140 | D:5      | Noticed kae's ghost (amateur TeFE)
  5286 | D:4      | Reached skill level 7 in Fire Magic
  5380 | D:4      | Noticed an ogre
  5418 | D:5      | HP: 1/36 [acid (8)]
  5420 | D:5      | Splashed by a jelly's acid

Vault maps used:
D:1:      grunt_arrival_crossed_arrows
D:2:      kennysheep_generic_room_4
D:3:      nicolae_ru_sacrificial_ziggurat, first_bread
D:4:      portal_sewer_entry_b, uniq_eustachio
D:5:      lemuel_crystal_altar
Sewer:    sewer_big_baddie

Action                   |  1- 3 |  4- 6 |  7- 9 || total
-------------------------+-------+-------+-------++-------
Melee: Short sword       |     3 |    28 |     4 ||    35
 Cast: Magic Dart        |    97 |   106 |    56 ||   259
       Conjure Flame     |     3 |    12 |     3 ||    18
       Mephitic Cloud    |       |     4 |     1 ||     5
       Blink             |       |     5 |     3 ||     8
       Call Imp          |       |     1 |       ||     1
  Use: Potion            |       |     2 |     2 ||     4
       Scroll            |       |     1 |     2 ||     3
  Eat: Chunk             |     4 |     5 |     3 ||    12
       Beef jerky        |       |     1 |       ||     1
